 Dungeon Crawl Stone Soup version 0.15.0-18-g9076a4f (webtiles) character file.

83 tcjsavannah the Distorting Halfling (level 4, -7/30 HPs)
             Began as a Halfling Abyssal Knight on Sept 6, 2014.
             Was a Believer of Lugonu.
             Mangled by Kassandra's ghost (19 damage)
             ... on Level 3 of the Dungeon.
             The game lasted 00:07:45 (2680 turns).

tcjsavannah the Distorting Halfling (HaAK)          Turns: 2680, Time: 00:07:45

HP  -7/30        AC  7     Str 12      XL: 4   Next: 71%
MP   7/7         EV 14     Int 11      God: Lugonu [**....]
Gold 181         SH  0     Dex 14      Spells:  0 memorised,  3 levels left

rFire  . . .     SeeInvis .     a - +1 falchion
rCold  . . .     Clarity  .     q - +0 leather armour
rNeg   . . .     rCorr    .     (no shield)
rPois  .         rRot     .     k - +2 hat
rElec  .         Spirit   .     (no cloak)
SustAb .         Warding  .     l - +0 pair of gloves
rMut   .         Stasis   .     i - +0 pair of boots
Gourm  .                        (no amulet)
MR     .....                    (no ring)
                                d - +2 ring of evasion

@: very slightly contaminated, hasted, very quick, not resistant to hostile
enchantments, very unstealthy
A: mutation resistance 1
a: Depart the Abyss, Bend Space, Renounce Religion


You were on level 3 of the Dungeon.
You worshipped Lugonu.
Lugonu was pleased with you.
You were not hungry.

You visited 1 branch of the dungeon, and saw 3 of its levels.
You visited the Abyss 1 time.

You collected 181 gold pieces.

Inventory:

Hand weapons
 a - a +1 falchion (weapon)
 b - a +0 hunting sling
Missiles
 h - 54 stones (quivered)
Armour
 i - a +0 pair of boots (worn)
 k - a +2 hat (worn)
 l - a +0 pair of gloves (worn)
 q - a +0 leather armour (worn)
Comestibles
 j - 4 meat rations
Scrolls
 f - 4 scrolls of identify
 g - 2 scrolls of fog {unknown}
 p - a scroll of random uselessness {unknown}
 r - 3 scrolls of teleportation {unknown}
Jewellery
 d - a +2 ring of evasion (left hand)
Potions
 c - a potion of heal wounds
 e - a potion of mutation
 n - 2 potions of restore abilities
 o - a potion of agility {unknown}


   Skills:
 - Level 2.7 Fighting
 * Level 3.3 Long Blades
 * Level 0.8 Slings
 - Level 2.1 Armour
 - Level 1.1 Dodging
 * Level 3.7 Invocations


You had 3 spell levels left.
You didn't know any spells.

Dungeon Overview and Level Annotations

Branches:
Dungeon (3/15)

Altars:

Annotations:
D:3 Kassandra's ghost, average OpCj


Innate Abilities, Weirdness & Mutations

You are small and have problems with some larger weapons.
You are somewhat resistant to further mutation.


Message History

Kassandra's ghost misses you.
You closely miss Kassandra's ghost.
Kassandra's ghost is heavily damaged.
You hit Kassandra's ghost.
Kassandra's ghost is severely damaged.
Kassandra's ghost barely misses you.
You miss Kassandra's ghost.
Kassandra's ghost is severely damaged.
Kassandra's ghost hits you but does no damage.
You closely miss Kassandra's ghost.
Kassandra's ghost is severely damaged.
Kassandra's ghost barely misses you.
You miss Kassandra's ghost.
Kassandra's ghost is severely damaged.
You hit Kassandra's ghost.
Kassandra's ghost is severely damaged.
Kassandra's ghost hits you but does no damage.
You are electrocuted!
Ouch! That really hurt!
You die...

##########
#.W@.....#
#.######.#
#.#
#####.#####
#.........#
#.###.##...!.
#.# #.# W##.
#.# #.. ..
#.# ###. #


You could see Kassandra's ghost.

Vanquished Creatures
  3 adders
  A worm (D:2)
  A giant gecko (D:2)
  An ooze (D:2)
  2 bats
  2 goblins
  7 hobgoblins
  7 kobolds
  A quokka (D:2)
  A giant cockroach (D:2)
  4 giant newts
  14 jackals
  4 rats
48 creatures vanquished.

Notes
Turn   | Place    | Note
--------------------------------------------------------------
     0 | Abyss:1  | tcjsavannah, the Halfling Abyssal Knight, began the quest for the Orb.
     0 | Abyss:1  | Reached XP level 1. HP: 15/15 MP: 1/1
    26 | Abyss:1  | Noticed a thrashing horror
    27 | D:1      | Escaped the Abyss
   270 | D:1      | Reached XP level 2. HP: 13/20 MP: 2/2
   973 | D:2      | Reached XP level 3. HP: 21/25 MP: 4/4
   979 | D:2      | Acquired Lugonu's first power
   990 | D:2      | Reached skill level 3 in Invocations
  1522 | D:2      | Reached XP level 4. HP: 27/30 MP: 7/7
  2638 | D:3      | Acquired Lugonu's second power
  2655 | D:3      | Noticed Kassandra's ghost (average OpCj)
  2680 | D:3      | Mangled by Kassandra's ghost

Action                   |  1- 3 |  4- 6 || total
-------------------------+-------+-------++-------
Melee: Falchion          |   111 |    52 ||   163
 Fire: Hunting sling     |       |    29 ||    29
Throw: Stone             |     9 |       ||     9
Invok: Depart the Abyss  |     1 |       ||     1
  Use: Potion            |     2 |     1 ||     3
       Scroll            |       |     3 ||     3
  Eat: Chunk             |     2 |     1 ||     3
       Bread ration      |       |     1 ||     1
